[Event "Early-Titled-Tuesday-Blitz-July-09-2024"]
[Site "Chess.com"]
[Date "2024.07.09"]
[Round "5"]
[White "LewAnatol"]
[Black "Senn71"]
[Result "1-0"]
[WhiteElo "2190"]
[BlackElo "2380"]
[TimeControl "180+1"]
[EndTime "8:57:55 PDT"]
[Termination "LewAnatol won by resignation"]

1. e4 c5 2. Nf3 e6 3. d4 cxd4 4. Nxd4 Nc6 5. Nc3 Qc7 6. Be2 a6 7. O-O Nf6 8. Bf3 Ne5 9. Be2 h5 10. f4 Neg4 11. h3 Bc5 12. hxg4 Nxg4 13. Bxg4 hxg4 14.
Be3 b5 15. Nce2 Bb7 16. Ng3 Qd8 17. Qd3 Qh4 18. Kf2 Qe7 19. Rh1 O-O-O 20. Rxh8 Rxh8 21. Nb3 Bxe3+ 22. Qxe3 d6 23. Rc1 Kb8 24. Na5 Qc7 25. Nxb7 Kxb7 26. c3 Qc4 27. b3 Qc6 28. Qd4 f6 29. a4 bxa4 30. bxa4 Ka8 31. Rb1 Rb8 32. Rxb8+ Kxb8 33. Qb4+ Kc7 34. a5 Kd7 35. Ne2 Ke7 36.
Ke3 e5 37. f5 Kf7 38. Nc1 d5 39. Nd3 dxe4 40. Nc5 g6 41. Qc4+ Kg7 42. Ne6+ Kh6 43. Qxc6 1-0

[Event "Early-Titled-Tuesday-Blitz-July-09-2024"]
[Site "Chess.com"]
[Date "2024.07.09"]
[Round "5"]
[White "Boudicca64"]
[Black "FrenchPlayer2203"]
[Result "0-1"]
[WhiteElo "1929"]
[BlackElo "2280"]
[TimeControl "180+1"]
[EndTime "8:57:55 PDT"]
[Termination "FrenchPlayer2203 won on time"]

1. e4 e6 2. d4 d5 3. exd5 exd5 4. Nf3 Nf6 5. c4 Bb4+ 6. Nc3 O-O 7. Be2 dxc4 8. O-O Bg4 9. Bxc4 Nc6 10. Be3 Bxc3 11.
bxc3 Nd5 12. Bd2 Qd6 13. Qb3 Bxf3 14. gxf3 Na5 15. Qb5 Nxc4 16. Qxc4 Rae8 17. Rfe1 c6 18. Re4 Rxe4 19. fxe4 Qg6+ 20. Kf1 Qxe4 21. Re1 Qh4 22. Kg1 Nf6 23. Qd3 h6 24. c4 Rd8 25. Be3 Ng4 26. Qf5 Qxh2+ 27. Kf1 Qh3+ 28. Ke2 Re8 29. Rg1 Rxe3+ 0-1

[Event "Early-Titled-Tuesday-Blitz-July-09-2024"]
[Site "Chess.com"]
[Date "2024.07.09"]
[Round "5"]
[White "Radislav_Atanasov"]
[Black "Silent-Killer100"]
[Result "1-0"]
[WhiteElo "2404"]
[BlackElo "2512"]
[TimeControl "180+1"]
[EndTime "8:57:57 PDT"]
[Termination "Radislav_Atanasov won by resignation"]

1. e4 e6 2. d4 d5 3. exd5 exd5 4. c4 Nf6 5. Nf3 Bf5 6. Nc3 Be7 7. Be2 O-O 8. O-O dxc4 9. Bxc4 Nbd7 10. Re1 Nb6 11. Bb3 c6 12. Ne5 h6 13. Qf3 Bh7 14. Bf4 Bb4 15.
Rad1 Nbd5 16. Bg3 a5 17. a3 Nxc3 18. bxc3 Bxa3 19. Bh4 Be7 20. c4 a4 21. Ba2 Kh8 22. d5 cxd5 23. cxd5 Bd6 24. Ng4 Nxg4 25. Bxd8 Nxh2 26.
Qe2 Raxd8 27. g3 a3 28. Kxh2 Bf5 29. Kg2 Rb8 30. Qb5 b6 31. Rc1 Bc5 32. d6 Rbd8 33. Rxc5 bxc5 34. Qxc5 Bg6 35. d7 Ra8 36. Bd5 Ra6 37.
Qxf8+ 1-0

[Event "Early-Titled-Tuesday-Blitz-July-09-2024"]
[Site "Chess.com"]
[Date "2024.07.09"]
[Round "5"]
[White "Cxrjs"]
[Black "KnightmareJoker"]
[Result "1-0"]
[WhiteElo "2514"]
[BlackElo "2316"]
[TimeControl "180+1"]
[EndTime "8:57:57 PDT"]
[Termination "Cxrjs won on time"]

1. e4 e5 2. Nf3 Nc6 3. Bb5 a6 4. Ba4 Nf6 5. Qe2 b5 6. Bb3 Bc5 7. c3 d6 8. O-O Bb6 9. Rd1 Bg4 10. h3 Bh5 11. d3 O-O 12. Nbd2 Na5 13. Bc2 c5 14. Nf1 Bg6 15. g4 Re8 16. Ng3 d5 17.
Nf5 c4 18. dxc4 Nxc4 19. exd5 e4 20. N3h4 Qc7 21. d6 Qd7 22. Bg5 Re6 23. Bxf6 Rxf6 24. Qxe4 Re8 25. Qd5 Re5 26. Ne7+ Rxe7 27. dxe7 Qe8 28. Bf5 Nd6 29. Re1 Nxf5 30. Nxf5 Bxf5 31. gxf5 g6 32. Re5 1-0

[Event "Early-Titled-Tuesday-Blitz-July-09-2024"]
[Site "Chess.com"]
[Date "2024.07.09"]
[Round "5"]
[White "banjadvorovi"]
[Black "yaguigor"]
[Result "0-1"]
[WhiteElo "2433"]
[BlackElo "2602"]
[TimeControl "180+1"]
[EndTime "8:57:58 PDT"]
[Termination "yaguigor won by checkmate"]

1. e4 e5 2. Nf3 Nc6 3. b3 Nf6 4. d3 d5 5. exd5 Nxd5 6. Bb2 Bb4+ 7. c3 Bd6 8. Nbd2 O-O 9. g3 Bg4 10. Bg2 f5 11. O-O Qd7 12. Qc2 Rae8 13. Rae1 b5 14.
c4 bxc4 15. dxc4 Ndb4 16. Qb1 e4 17. Nd4 Nxd4 18. Bxd4 Bxg3 19. Bc3 Bd6 20. f3 Bc5+ 21. Kh1 exf3 22. Nxf3 Rxe1 23. Qxe1 Nd3 24. Qh4 h6 25. Ne5 Nxe5 26. Bxe5 Bd6 27. Bd5+ Kh7 28. Qg3 Bxe5 29.
Qxe5 c6 30. Bg2 Qd3 31. Kg1 Rf6 32. Qf4 Rg6 33. Kh1 Bh3 34. Bxh3 Qxh3 35. Qxf5 Qg2# 0-1

[Event "Early-Titled-Tuesday-Blitz-July-09-2024"]
[Site "Chess.com"]
[Date "2024.07.09"]
[Round "5"]
[White "esskeettit"]
[Black "praveenb2002"]
[Result "0-1"]
[WhiteElo "2532"]
[BlackElo "2832"]
[TimeControl "180+1"]
[EndTime "8:57:59 PDT"]
[Termination "praveenb2002 won by checkmate"]

1. d4 e6 2. c4 b6 3. Nf3 Bb7 4. a3 f5 5. Nc3 Nf6 6. e3 Be7 7. Be2 O-O 8. O-O Ne4 9. Nxe4 fxe4 10. Nd2 a5 11. Qc2 d5 12. Bg4 Qd6 13. b3 Nd7 14.
Bb2 c5 15. dxc5 Nxc5 16. Be2 Rac8 17. b4 axb4 18. axb4 Nd3 19. Bxd3 exd3 20. Qxd3 dxc4 21. Qxd6 Bxd6 22. Ra7 Rf7 23. Rc1 b5 24. Bc3 Bc6 25.
Rca1 Rxa7 26. Rxa7 Rc7 27. Ra6 Kf7 28. Nf3 Bxf3 29. gxf3 Be7 30. Rb6 Bf6 31. Bd2 Rd7 32.
Be1 Rd1 33. Kf1 Bc3 34. Ke2 Rxe1# 0-1

[Event "Early-Titled-Tuesday-Blitz-July-09-2024"]
[Site "Chess.com"]
[Date "2024.07.09"]
[Round "5"]
[White "lu1860"]
[Black "DarkPassenger007"]
[Result "0-1"]
[WhiteElo "2035"]
[BlackElo "2377"]
[TimeControl "180+1"]
[EndTime "8:57:59 PDT"]
[Termination "DarkPassenger007 won by checkmate"]

1. d4 Nf6 2. c4 g6 3. Nf3 Bg7 4. g3 O-O 5. Bg2 d5 6. cxd5 Nxd5 7. O-O Nb6 8. Nc3 Nc6 9. e3 e5 10. d5 Ne7 11. e4 f5 12. Qb3 Kh8 13. Ng5 a5 14. a3 h6 15. Ne6 Bxe6 16. dxe6 a4 17. Qa2 f4 18. Rd1 Qe8 19. Nd5 Nbxd5 20. exd5 g5 21. Be4 Nf5 22. Bd2 Nd6 23. Bc2 Qh5 24. Bd3 fxg3 25. fxg3 Qf3 26. Bf1 Ne4 27. Bb4 Nxg3 28.
hxg3 Qxg3+ 29. Bg2 Rf2 30. b3 Qxg2# 0-1

[Event "Early-Titled-Tuesday-Blitz-July-09-2024"]
[Site "Chess.com"]
[Date "2024.07.09"]
[Round "5"]
[White "2400FM"]
[Black "pinguino120"]
[Result "1-0"]
[WhiteElo "2245"]
[BlackElo "2292"]
[TimeControl "180+1"]
[EndTime "8:57:59 PDT"]
[Termination "2400FM won by resignation"]

1. d4 Nf6 2. c4 e6 3. Nc3 Bb4 4. Qc2 O-O 5. e4 d6 6. Bd3 e5 7. d5 Na6 8. Ne2 Nc5 9. O-O Nh5 10.
a3 Bxc3 11. Nxc3 a5 12. Be2 Nf4 13. Bxf4 exf4 14. b4 Nd7 15. Nb5 Ne5 16. f3 Qg5 17.
Kh1 Bd7 18. c5 Qh6 19. cxd6 cxd6 20. Rac1 Rfc8 21. Qd2 g5 22. Rxc8+ Rxc8 23. bxa5 Qh4 24. Nxd6 Rd8 25. Qc3 f6 26. Nxb7 Rc8 27. Qb2 Kg7 28.
a6 g4 29. fxg4 Bxg4 30. Nd6 Bxe2 31. Nf5+ Kf7 32. Nxh4 Bxf1 33. Qb7+ Nd7 34. Qxd7+ Kg8 35. Qxc8+ 1-0

[Event "Early-Titled-Tuesday-Blitz-July-09-2024"]
[Site "Chess.com"]
[Date "2024.07.09"]
[Round "5"]
[White "ninguno46"]
[Black "Hikaru"]
[Result "0-1"]
[WhiteElo "2576"]
[BlackElo "3218"]
[TimeControl "180+1"]
[EndTime "8:58:03 PDT"]
[Termination "Hikaru won on time"]

1. Nf3 g6 2. d4 Bg7 3. Nc3 a6 4. a4 d6 5. e4 Bg4 6. Be2 Nd7 7. Be3 c5 8. d5 Bxf3 9. Bxf3 Qb6 10. Ra2 Ngf6 11.
O-O O-O 12. a5 Qc7 13. Be2 Rfe8 14. Qd2 Rad8 15. Rd1 Nf8 16. f3 h5 17. Na4 e6 18.
Nb6 exd5 19. exd5 N8d7 20. Nc4 Ne5 21. Bf2 Nxc4 22. Bxc4 Kh7 23. Bh4 Re5 24. Bg3 Ree8 25. Bh4 Rd7 26. Raa1 Rde7 27. Bg5 Re5 28. Bf4 Rf5 29.
Re1 Rxe1+ 30. Rxe1 Ng8 31. g3 Bh6 32. Bxh6 Nxh6 33. Kg2 Ng8 34. Bd3 Rf6 35. c4 Kg7 36. Qg5 Qxa5 37. Re2 Qa1 0-1

[Event "Early-Titled-Tuesday-Blitz-July-09-2024"]
[Site "Chess.com"]
[Date "2024.07.09"]
[Round "5"]
[White "YairParkhov"]
[Black "malakismayil"]
[Result "1-0"]
[WhiteElo "2758"]
[BlackElo "2526"]
[TimeControl "180+1"]
[EndTime "8:58:04 PDT"]
[Termination "YairParkhov won by checkmate"]

1. e4 e5 2. Nf3 Nc6 3. Bc4 Bc5 4. O-O Nf6 5. d3 O-O 6. Nc3 h6 7. Nd5 d6 8. c3 Nxd5 9. Bxd5 Bb6 10. a4 a6 11. Bxc6 bxc6 12. a5 Ba7 13. d4 exd4 14. Nxd4 Bd7 15. Qf3 Re8 16. Be3 Qe7 17. Qg3 Qxe4 18.
Bxh6 Qg4 19. Qxg4 Bxg4 20. Be3 Bxd4 21. Bxd4 Re2 22. b4 Rae8 23. f3 Bf5 24. Rf2 Bd3 25. Rxe2 Rxe2 26. Rd1 Bc4 27. h4 f6 28. Kh2 Kf7 29.
Kg3 Bb3 30. Rb1 Bc4 31. h5 Bd3 32. Rh1 Re8 33. Rd1 Bc4 34. Kf4 Re2 35. Kg3 Re8 36. Ba7 Ra8 37. Bf2 Rh8 38. Rh1 Bd3 39. Kf4 Bc4 40. g4 Bd5 41. Re1 Bc4 42. Bd4 Bd5 43. Kg3 Be6 44. f4 Bd5 45. Kh4 Bf3 46. Re3 Bd5 47. g5 fxg5+ 48. fxg5 Rd8 49. g6+ Kf8 50. Kg5 Rb8 51. h6 gxh6+ 52. Kxh6 Bg8 53. Bg7# 1-0

[Event "Early-Titled-Tuesday-Blitz-July-09-2024"]
[Site "Chess.com"]
[Date "2024.07.09"]
[Round "5"]
[White "FGHSMN"]
[Black "GoltsevDmitry2000"]
[Result "1-0"]
[WhiteElo "2993"]
[BlackElo "2736"]
[TimeControl "180+1"]
[EndTime "8:58:05 PDT"]
[Termination "FGHSMN won by checkmate"]

1. e4 e6 2. d4 d5 3. exd5 exd5 4. Bf4 Nf6 5. Nc3 Bd6 6. Qd2 O-O 7. O-O-O c6 8. f3 Bf5 9. g4 Bg6 10. h4 h5 11. Bg5 Nbd7 12. Nge2 b5 13. Nf4 Qa5 14. Kb1 b4 15. Nce2 hxg4 16. h5 Bh7 17. h6 gxf3 18. hxg7 Rfb8 19. Ng3 Bc7 20. Bd3 b3 21. Qh2 Qxa2+ 22.
Kc1 Qa1+ 23. Kd2 Ba5+ 24. c3 Qxb2+ 25. Ke1 Bxc3+ 26. Kf1 Qxh2 27. Rxh2 Bxd3+ 28. Nxd3 b2 29. Nf5 Nh7 30. Bh6 Re8 31. Nxb2 Bxb2 32. Rxb2 Re6 33. Rb7 Rd8 34. Rdb1 Rf6 35. Rxd7 Ra8 36. Ne7# 1-0

[Event "Early-Titled-Tuesday-Blitz-July-09-2024"]
[Site "Chess.com"]
[Date "2024.07.09"]
[Round "5"]
[White "CSB7"]
[Black "guillembaches"]
[Result "0-1"]
[WhiteElo "2767"]
[BlackElo "2561"]
[TimeControl "180+1"]
[EndTime "8:58:05 PDT"]
[Termination "guillembaches won on time"]

1. d4 Nf6 2. c4 e6 3. Nf3 d5 4.
g3 h6 5. Bg2 Bd6 6. O-O O-O 7.
Nc3 Nc6 8. a3 a5 9. Qd3 dxc4 10.
Qxc4 e5 11. dxe5 Nxe5 12. Nxe5 Bxe5 13. e4 Be6 14. Qb5 Bxc3 15. bxc3 Qd7 16. Qxd7 Nxd7 17. Be3 Ne5 18. f4 Nc4 19. Bd4 f6 20. Rfd1 Rad8 21. Bf1 b6 22. e5 fxe5 23. Bxc4 Bxc4 24. Bxe5 Rxd1+ 25. Rxd1 Rf7 26. Rd8+ Kh7 27. Kf2 a4 28. Ke3 h5 29. h3 b5 30. g4 hxg4 31. hxg4 Be6 32. f5 Rd7 33. Rb8 Bc4 34. g5 Rd1 35. g6+ Kh6 36. Bxc7 Kg5 0-1

[Event "Early-Titled-Tuesday-Blitz-July-09-2024"]
[Site "Chess.com"]
[Date "2024.07.09"]
[Round "5"]
[White "Dewarfd"]
[Black "Queensandpawns"]
[Result "1-0"]
[WhiteElo "2074"]
[BlackElo "2313"]
[TimeControl "180+1"]
[EndTime "8:58:05 PDT"]
[Termination "Dewarfd won by checkmate"]

1. Nf3 g5 2. Nxg5 e5 3. Nf3 e4 4.
Nd4 c5 5. Nb3 a5 6. a4 Ra6 7. e3 Rg6 8. d3 exd3 9. Qxd3 d5 10. Qb5+ Nc6 11. Nxc5 d4 12. Nxb7 Bxb7 13. Qxb7 Bb4+ 14.
c3 dxc3 15. Nxc3 Rd6 16. Be2 Nge7 17. O-O Rg8 18. Ne4 Rdg6 19. Bf3 Ne5 20. Kh1 Qd3 21. Qb5+ N7c6 22. Qxd3 Nxd3 23. Bd2 Nce5 24. Bxb4 Nxf3 25.
gxf3 f5 26. Ng3 h5 27. h4 axb4 28. Rad1 Nxb2 29. Rd4 Rb6 30. Rb1 Nxa4 31. Rdxb4 Rxb4 32. Rxb4 Nc3 33. Nxf5 Kd7 34. Ng3 Kd6 35. Rc4 Nb5 36.
Rb4 Kc5 37. Rb1 Nc3 38. Ne4+ Nxe4 39. fxe4 Kc4 40. Rd1 Rg4 41. e5 Rxh4+ 42. Kg2 Re4 43. Rd4+ Rxd4 44. exd4 Kd5 45. f4 Ke6 46. Kh3 Kf5 47.
Kh4 Kg6 48. d5 Kf5 49. Kxh5 Kxf4 50. e6 Ke5 51. e7 Kd6 52. e8=Q Kc5 53. Qe6 Kd4 54. d6 Kc5 55. d7 Kb4 56. d8=Q Ka3 57. Qc7 Kb2 58. Qeb6+ Ka1 59. Qca7# 1-0

[Event "Early-Titled-Tuesday-Blitz-July-09-2024"]
[Site "Chess.com"]
[Date "2024.07.09"]
[Round "5"]
[White "Andreikka"]
[Black "David_Arutinian"]
[Result "1-0"]
[WhiteElo "3018"]
[BlackElo "2832"]
[TimeControl "180+1"]
[EndTime "8:58:07 PDT"]
[Termination "Andreikka won on time"]

1. d4 Nf6 2. Nf3 d5 3. e3 e6 4. Bd3 c5 5. b3 Bd6 6. O-O O-O 7. Bb2 b6 8. Nbd2 Bb7 9. Qe2 Nbd7 10. Ne5 Qc7 11.
f4 Ne4 12. Nxe4 dxe4 13. Bc4 Nf6 14. f5 exf5 15. Rxf5 Bxe5 16. Rxe5 cxd4 17. exd4 Rae8 18.
Rf1 Qd7 19. h3 Bd5 20. Bxd5 Nxd5 21. Qxe4 Rxe5 22. dxe5 Qe6 23. Rd1 Ne7 24. Rd6 Qc8 25.
e6 Qc5+ 26. Qd4 Qxd4+ 27. Rxd4 fxe6 28. Rd7 Rf7 29. Rb7 Nd5 30. Rb8+ Rf8 31. Rxf8+ Kxf8 32. Kf2 Kf7 33. a3 g5 34. Kf3 h5 35. Bc1 Kf6 36.
Bd2 e5 37. g3 Nc7 38. g4 h4 39. Ke4 Ne6 40. Bc3 Kf7 41. Bxe5 Ke7 42. Kf5 Kd7 43. b4 b5 44. Bf6 Nf4 45. Bxg5 Nxh3 46. Bxh4 Ng1 47.
Bf2 Nf3 48. Bxa7 1-0

[Event "Early-Titled-Tuesday-Blitz-July-09-2024"]
[Site "Chess.com"]
[Date "2024.07.09"]
[Round "5"]
[White "gmpeter008"]
[Black "LikeWater"]
[Result "0-1"]
[WhiteElo "2453"]
[BlackElo "2696"]
[TimeControl "180+1"]
[EndTime "8:58:10 PDT"]
[Termination "LikeWater won on time"]

1. c4 Nf6 2. Nf3 g6 3. b4 d6 4. Bb2 Bg7 5. g3 O-O 6. Bg2 Nc6 7. b5 Na5 8. d3 c6 9. a4 e5 10.
O-O Re8 11. e4 a6 12. Nc3 Bg4 13. h3 Bxf3 14. Bxf3 Nd7 15. Qc2 Nc5 16. Ba3 Nab3 17. Rab1 Nd4 18. Qd1 Nce6 19. bxc6 bxc6 20. Bg4 f5 21.
exf5 gxf5 22. Bh5 Rf8 23. Rb7 Rb8 24. Qb1 Rxb7 25. Qxb7 Qg5 26. Bd1 f4 27. Ne4 Qg6 28. Bxd6 fxg3 29. Bxf8 gxf2+ 30. Kxf2 Nxf8 31. Rg1 Qh6 32. Ng5 Qh4+ 33. Rg3 Qf4+ 34. Nf3 Nf5 35. Rg4 Qe3+ 36.
Kg2 Qc1 37. Nxe5 Ne3+ 38. Kf3 Nxg4 39. Qf7+ Kh8 40. Nxg4 Qxd1+ 41. Ke4 Qe2+ 42. Ne3 Qb2 43. Nf5 Qe2+ 44. Kf4 Ng6+ 45. Kg5 Qd2+ 46. Kh5 Qe2+ 47.
Kg5 Qg2+ 0-1

[Event "Early-Titled-Tuesday-Blitz-July-09-2024"]
[Site "Chess.com"]
[Date "2024.07.09"]
[Round "5"]
[White "amanjazu"]
[Black "RCone"]
[Result "0-1"]
[WhiteElo "2573"]
[BlackElo "2435"]
[TimeControl "180+1"]
[EndTime "8:58:10 PDT"]
[Termination "RCone won on time"]

1. g3 d6 2. Bg2 g6 3. f4 Bg7 4.
Nf3 Nf6 5. O-O O-O 6. Nc3 Nc6 7. e4 e5 8. d3 exf4 9. Bxf4 Nh5 10. Bg5 f6 11. Be3 Ne5 12. Nxe5 fxe5 13. Qd2 Be6 14. Bh6 Qd7 15. Qg5 c6 16. Rxf8+ Rxf8 17. Rf1 Rxf1+ 18. Bxf1 Qf7 19. Bxg7 Kxg7 20. Qd8 Qd7 21. Qb8 a6 22. Na4 b5 23. Nb6 Qe7 24. Na8 Qg5 25. Qa7+ Kh6 26.
Nc7 Bc8 27. Ne8 d5 28. Qf2 Qe7 29. Qe3+ g5 30. h4 Kg6 31. Be2 h6 32. Bxh5+ Kxh5 33. Qb6 Qxe8 34. Qc7 Qd7 35. Qb6 gxh4 36. Qf2 hxg3 37.
Qf6 Qg4 38. Qxe5+ Qg5 39. Qe8+ Kh4 40. Qd8 Qxd8 0-1

[Event "Early-Titled-Tuesday-Blitz-July-09-2024"]
[Site "Chess.com"]
[Date "2024.07.09"]
[Round "5"]
[White "Stanbad1"]
[Black "Cheer_Down"]
[Result "1-0"]
[WhiteElo "2600"]
[BlackElo "2428"]
[TimeControl "180+1"]
[EndTime "8:58:11 PDT"]
[Termination "Stanbad1 won by resignation"]

1. d4 d5 2. Nc3 Nf6 3. Bf4 c5 4. e4 Nxe4 5. Nxe4 dxe4 6. dxc5 Qa5+ 7. c3 Qxc5 8. Qa4+ Nc6 9. Qxe4 Bf5 10. Qa4 e5 11. Be3 Qa5 12. Qxa5 Nxa5 13. Bb5+ Nc6 14. Ne2 a6 15. Bxc6+ bxc6 16. O-O-O Be7 17. Ng3 Bg6 18. f4 exf4 19. Bxf4 Rd8 20. Rhe1 Rxd1+ 21. Kxd1 Kf8 22. Be5 f6 23. Bd4 Kf7 24. Ne4 Rd8 25. Kc1 Rd5 26. Nd2 Bd6 27. g3 h5 28. Nc4 Bc7 29. b4 h4 30.
gxh4 Bxh2 31. Na5 Bf4+ 32. Kb2 Rh5 33. Nxc6 Rxh4 34. Re7+ Kg8 35. Re2 Bd3 36. Rf2 Bg3 37. Rf3 Rh2+ 38. Kb3 Bc2+ 39. Kc4 Bc7 40. Ne7+ Kf7 41.
Nd5 Bd8 42. Re3 Bb1 43. a4 g5 44. b5 Ba2+ 45. Kc5 axb5 46. axb5 f5 47. Re5 Kg6 48.
Re6+ Kf7 49. Rd6 Bxd5 50. Rxd5 Be7+ 51. Kc6 f4 52. c4 g4 53. Rf5+ Ke6 54. Rxf4 g3 55.
Re4+ Kf7 56. Be5 Rh6+ 57. Kd7 g2 58. Rg4 Rg6 59. Rxg6 Kxg6 60. Bd4 Bf6 61. Bg1 Kf5 62. b6 Ke4 63. c5 Bd4 64. b7 Bxg1 65. b8=Q Bxc5 66.
Qb7+ Ke3 67. Qxg2 1-0

[Event "Early-Titled-Tuesday-Blitz-July-09-2024"]
[Site "Chess.com"]
[Date "2024.07.09"]
[Round "5"]
[White "DanLowinger"]
[Black "esrosenberg"]
[Result "1-0"]
[WhiteElo "2416"]
[BlackElo "2310"]
[TimeControl "180+1"]
[EndTime "8:58:11 PDT"]
[Termination "DanLowinger won on time"]

1. e4 c5 2. Nf3 g6 3. d4 cxd4 4. Nxd4 Nf6 5. Nc3 d6 6. Be3 Bg7 7. f3 a6 8. Qd2 h5 9. O-O-O b5 10. Kb1 Bb7 11. Bd3 Nbd7 12. Rhe1 Qc7 13. h4 Rc8 14.
Nde2 Nb6 15. Nf4 b4 16. Nce2 Nc4 17. Bxc4 Qxc4 18. b3 Qb5 19. Nd4 Qa5 20. Nd3 Rc3 21. Ne2 Nd7 22. Bd4 Bxd4 23. Nxd4 O-O 24. Ne2 Rfc8 25. Nxc3 bxc3 26. Qc1 Nb6 27. a3 Qb5 28. Ka2 Nc4 29. Nb4 Nd2 30. Rxd2 cxd2 31. Qxd2 a5 32.
Nd5 Bxd5 33. exd5 a4 34. Re4 axb3+ 35. cxb3 Qf1 36. Re1 Qa6 37. Rc1 Ra8 38. a4 Qa7 39.
Rc6 Rb8 40. Qc2 Kg7 41. Qc3+ f6 42. g4 Qf2+ 43. Ka3 1-0

[Event "Early-Titled-Tuesday-Blitz-July-09-2024"]
[Site "Chess.com"]
[Date "2024.07.09"]
[Round "5"]
[White "santig8"]
[Black "YaWaleriy"]
[Result "0-1"]
[WhiteElo "2281"]
[BlackElo "2438"]
[TimeControl "180+1"]
[EndTime "8:58:12 PDT"]
[Termination "YaWaleriy won on time"]

1. e4 e6 2. d4 d5 3. Nc3 dxe4 4. Nxe4 Nd7 5. Nf3 Ngf6 6. Bg5 Be7 7. Bxf6 Nxf6 8. Bd3 O-O 9. O-O b6 10. Qe2 Bb7 11. c3 c5 12. dxc5 Bxe4 13. Bxe4 Nxe4 14. Qxe4 Bxc5 15. Rad1 Qe7 16. Ne5 f6 17. Rd7 Qe8 18. Qg4 g6 19. Qh4 Be7 20. Rfd1 Rd8 21. Rxd8 Bxd8 22.
Ng4 f5 23. Nh6+ Kg7 24. Qh3 Bg5 25. Nxf5+ exf5 26. c4 Bf6 27. Qa3 Qe7 28. Qb3 Re8 29. h3 Rd8 30. Rc1 Qe2 31. Rb1 Rd2 32. Rf1 Bd4 33. Qa4 Bxf2+ 34. Kh2 Qe5+ 35. Kh1 Bg3 36. Qxa7+ Kh6 37. Qxb6 Qe4 38. Rg1 Be5 39. a4 Qf4 40. g3 Qf3+ 0-1

[Event "Early-Titled-Tuesday-Blitz-July-09-2024"]
[Site "Chess.com"]
[Date "2024.07.09"]
[Round "5"]
[White "tusplingher"]
[Black "kleinebeer98"]
[Result "1/2-1/2"]
[WhiteElo "2694"]
[BlackElo "2930"]
[TimeControl "180+1"]
[EndTime "8:58:13 PDT"]
[Termination "Game drawn by repetition"]

1. e4 e5 2. Nf3 Nc6 3. Nc3 Nf6 4. d4 exd4 5. Nxd4 Nxe4 6. Nxe4 Qe7 7. Qd3 d5 8. Nxc6 bxc6 9. f3 dxe4 10. Qxe4 Qxe4+ 11. fxe4 Be6 12. Bd3 Bc5 13. h3 Ke7 14. Ke2 Rab8 15. b3 Bd4 16. Ba3+ Kf6 17. Raf1+ Ke5 18. Bc1 Kd6 19.
Bf4+ Be5 20. Bxe5+ Kxe5 21. Rf2 c5 22. Rhf1 f6 23.
Ke3 Rhd8 24. Rf3 a5 25. Rg3 g5 26. Rgf3 Rf8 27. Bc4 Rb4 28. a3 Bxc4 29. Rf5+ Ke6 30.
R1f2 Rb6 31. bxc4 Rb1 32. Rxc5 Re1+ 33. Kf3 a4 34. Rxc7 f5 35. Kg3 f4+ 36. Kg4 Rxe4 37.
Rf3 Re2 38. g3 Rg2 39. Rxh7 Rc8 40. Rh6+ Ke5 41. Rg6 Rxc4 42. Rxg5+ Ke6 43. Rxf4 Rc3 44. Kh4 Rxa3 45. Rg6+ Ke5 46. Rg5+ Ke6 47. Rg6+ Ke7 48. Rg7+ Ke6 49. Rg6+ 1/2-1/2

[Event "Early-Titled-Tuesday-Blitz-July-09-2024"]
[Site "Chess.com"]
[Date "2024.07.09"]
[Round "5"]
[White "K_A_S_T_O_R"]
[Black "annasargsyan_m"]
[Result "0-1"]
[WhiteElo "2851"]
[BlackElo "2663"]
[TimeControl "180+1"]
[EndTime "8:58:13 PDT"]
[Termination "annasargsyan_m won by checkmate"]

1. e4 e5 2. Nf3 Nc6 3. Bb5 a6 4. Ba4 Nf6 5. O-O Nxe4 6. d4 b5 7. Bb3 d5 8. dxe5 Be6 9. c3 Be7 10. Be3 O-O 11. Nbd2 f5 12. Nd4 Nxd4 13. cxd4 Qd7 14. f3 Ng5 15. Bxg5 Bxg5 16. f4 Be7 17. Rc1 Rac8 18. Nf3 a5 19. a3 a4 20. Ba2 b4 21.
axb4 Bxb4 22. Ne1 c5 23. Nd3 Qb5 24. dxc5 Bxc5+ 25. Nxc5 Rxc5 26. Qd4 Rfc8 27. Rxc5 Rxc5 28. Rd1 h6 29. h3 Rc2 30. Rd2 Rc1+ 31. Kh2 Rc5 32.
Rf2 Kh7 33. Bb1 Rc4 34. Qd2 Qc5 35. Bd3 Rd4 36. Qe3 Rc4 37. Qe2 Rb4 38. g4 g6 39.
gxf5 gxf5 40. Rg2 Qd4 41. Rf2 Rb3 42. Bc2 Re3 43. Qh5 Rxh3+ 44. Kxh3 Qxf2 45. Bxf5+ Bxf5+ 46. Qxf5+ Kg7 47. Qf6+ Kh7 48. Kg4 Qg2+ 49. Kf5 Qh3# 0-1

[Event "Early-Titled-Tuesday-Blitz-July-09-2024"]
[Site "Chess.com"]
[Date "2024.07.09"]
[Round "5"]
[White "Viacheslav92"]
[Black "mind1mover"]
[Result "0-1"]
[WhiteElo "2582"]
[BlackElo "2815"]
[TimeControl "180+1"]
[EndTime "8:58:13 PDT"]
[Termination "mind1mover won on time"]

1. d4 d5 2. Bg5 Nc6 3. e3 f6 4. Bh4 h5 5. h3 Bf5 6. Bd3 Qd7 7. Bg3 O-O-O 8. Bxf5 Qxf5 9. Qd3 Qxd3 10. cxd3 e5 11. dxe5 fxe5 12. Nc3 Nh6 13. Nf3 Nf7 14. O-O-O Bb4 15.
a3 Bxc3 16. bxc3 Rhe8 17. d4 exd4 18. cxd4 Na5 19. Ne5 Nxe5 20. Bxe5 Nc4 21. Bxg7 Rg8 22. Bf6 Rdf8 23. Bh4 Rxg2 24. a4 Rg6 25. Kc2 Rb6 26. Kc3 Ra6 27. Ra1 Rg8 28. Bg3 Rgg6 29. Rhb1 Raf6 30. h4 b6 31. Kd3 Re6 32. Rg1 Rg4 33. Bf4 Rxh4 34. Rg7 Rc6 35. Rag1 Nb2+ 36. Kd2 Nxa4 37.
Rh7 Nc3 38. Rgg7 Nb5 39. Kd3 a5 40. Rg5 a4 41. Rxd5 a3 42. Rxb5 a2 43. Bxc7 a1=Q 44. Bxb6 Qf1+ 0-1

[Event "Early-Titled-Tuesday-Blitz-July-09-2024"]
[Site "Chess.com"]
[Date "2024.07.09"]
[Round "5"]
[White "Adar_07"]
[Black "ccccvhhhj"]
[Result "1-0"]
[WhiteElo "2753"]
[BlackElo "2519"]
[TimeControl "180+1"]
[EndTime "8:58:14 PDT"]
[Termination "Adar_07 won by checkmate"]

1. e4 e6 2. Nf3 d5 3. exd5 exd5 4. d4 Nf6 5. Bd3 Be7 6. Bg5 Bg4 7. Nc3 c6 8. Qd2 b5 9. Ne5 Be6 10. O-O-O a5 11. f4 a4 12. f5 Bc8 13. Rde1 O-O 14. a3 b4 15. axb4 a3 16. bxa3 Rxa3 17. Nb1 Ra4 18.
c3 Ba6 19. Bc2 Ra2 20. Qd1 Ne4 21. Bxe7 Qxe7 22. Qh5 f6 23. Bb3 Nf2 24. Bxa2 Nxh1 25. Nf3 Qa7 26. Rxh1 Bd3 27. Kb2 Nd7 28. Re1 Nb6 29.
Bb3 Bc4 30. Nbd2 Bxb3 31. Kxb3 Qa4+ 32. Kb2 Nc4+ 33. Nxc4 dxc4 34. Nd2 c5 35. Ra1 Qc6 36. Qf3 Qb6 37. dxc5 Qd8 38. Nxc4 Kh8 39. Kb3 Qe7 40.
Ra8 h6 41. Nd6 Rxa8 42. Qxa8+ Kh7 43. Qe8 Qa7 44. Nf7 h5 45. Qh8# 1-0

[Event "Early-Titled-Tuesday-Blitz-July-09-2024"]
[Site "Chess.com"]
[Date "2024.07.09"]
[Round "5"]
[White "evgchess5"]
[Black "KubaGepard"]
[Result "1-0"]
[WhiteElo "2865"]
[BlackElo "2646"]
[TimeControl "180+1"]
[EndTime "8:58:15 PDT"]
[Termination "evgchess5 won by resignation"]

1. e4 e5 2. Nf3 Nc6 3. Bc4 Bc5 4. c3 Nf6 5. d3 O-O 6. O-O a6 7. Bb3 d6 8. h3 h6 9. Be3 Ba7 10. Nbd2 d5 11. Bxa7 Rxa7 12. Re1 Re8 13. exd5 Nxd5 14. d4 Nf4 15. dxe5 Nd3 16. Re3 Ndxe5 17. Qe2 Nxf3+ 18.
Nxf3 Rxe3 19. Qxe3 Ra8 20. Rd1 Qf8 21. Qf4 Qe7 22.
Re1 Be6 23. Bxe6 fxe6 24. Qe4 Re8 25. g3 Qf6 26. Kg2 e5 27. Qd5+ Kh7 28. h4 Re7 29.
Nd2 Rf7 30. Ne4 Qg6 31. Qd1 Qf5 32. Qe2 Re7 33. Rd1 Rd7 34. Rd3 Rxd3 35. Qxd3 Kg8 36.
Qd5+ Qf7 37. Qxf7+ Kxf7 38. Nc5 Nd8 39. Kf3 Ke7 40. Ke4 Kd6 41. Nd3 Nc6 42. b4 b6 43.
a4 b5 44. a5 Ne7 45. Nc5 Nd5 46. Kd3 Nf6 47. Nxa6 e4+ 48. Kd4 Ng4 49. Nc5 e3 50. fxe3 1-0